 Dungeon Crawl Stone Soup version 0.31-a0-983-g7b6862f502 (webtiles) character file.

Game seed: 5474990990666659608

1679432 Ge0ff the Wild Ghoul (level 27, 246/246 HPs)
             Began as a Ghoul Berserker on Nov 2, 2023.
             Was a High Priest of Trog.
             Escaped with the Orb
             ... and 3 runes!
             The game lasted 02:49:47 (68307 turns).

Ge0ff the Wild Ghoul (Ghoul Berserker)             Turns: 68307, Time: 02:49:48

Health: 246/246    AC: 33    Str: 36    XL:     27
Magic:  36/36      EV: 18    Int:  7    God:    Trog [*****.]
Gold:   1480       SH: 19    Dex: 20    Spells: 26/26 levels left

rFire   + + +        a - +9 morningstar "Fuepp" {heavy, rF+ rC- Int+4}
rCold   + . .        w - +5 kite shield {reflect}
rNeg    + + +        h - +3 plate armour of the Valley of Death {rElec rF+ Int-4}
rPois   ∞            p - +2 helmet {SInv}
rElec   +            J - +1 cloak of Fuli Xao {Int+4}
rCorr   +            r - +1 pair of gloves
SInv    +            Q - +0 pair of boots of Gimiusur {Str+6}
Will    +++..        Z - amulet "Patoum" {Spirit -Cast Contam rCorr Slay+6} Stlth
                     Y - ring "Zelotihu" {rF+ rC+ Dex+6}
HPRegen 0.61/turn    u - ring "Boss" {rF++ Will+ Dex+2 Stlth+, =R}
MPRegen 0.25/turn

%: no spellcasting, reflection, guardian spirit
@: studying Stealth
A: claws 1, cold resistance 1, negative energy resistance 3, inhibited
regeneration, torment resistance 2, devour on kill
0: Orb of Zot
}: 3/15 runes: barnacled, silver, gossamer
a: Renounce Religion, Trog's Hand, Brothers in Arms


You escaped.
You worshipped Trog.
Trog was extremely pleased with you.
You visited 10 branches of the dungeon, and saw 48 of its levels.
You visited the Abyss 1 time.
You also visited: Trove, Gauntlet, Ice Cave and Wizlab.

You collected 8565 gold pieces.
You spent 7085 gold pieces at shops.

Inventory:

Hand Weapons
 a - the +9 morningstar "Fuepp" (weapon) {heavy, rF+ rC- Int+4}
   (You acquired it on level 14 of the Dungeon)

   Int+4:     It affects your intelligence (+4).
   rF+:       It protects you from fire.
   rC-:       It makes you vulnerable to cold.
 b - a +9 vampiric eveningstar
 z - the +9 mace of Abomination {venom, +Blink rElec Str+5}
   (You took it off a deep elf annihilator on level 3 of the Elven Halls)

   Str+5:     It affects your strength (+5).
   rElec:     It insulates you from electricity.
   +Blink:    It lets you blink.
 G - a +7 antimagic demon whip
Missiles
 g - 4 throwing nets {=F}
 i - 15 silver javelins
 v - 13 curare-tipped darts {=F}
 D - 7 boomerangs (quivered)
 L - 19 javelins
Armour
 f - the +3 buckler of Henotheism {Will+ Regen+ Dex+5}
   (You found it on level 3 of the Elven Halls)

   Dex+5:     It affects your dexterity (+5).
   Will+:     It increases your willpower.
   Regen+:    It increases your rate of health regeneration.
 h - the +3 plate armour of the Valley of Death (worn) {rElec rF+ Int-4}
   (You found it on level 3 of the Elven Halls)

   Int-4:     It affects your intelligence (-4).
   rF+:       It protects you from fire.
   rElec:     It insulates you from electricity.
 p - a +2 helmet of see invisible (worn)
 r - a +1 pair of gloves (worn)
 w - a +5 kite shield of reflection (worn)
 y - the +15 Maxwell's patent armour {-Cast -Tele rElec Will+ rCorr}
   (You acquired it on level 3 of the Vaults)

   rElec:     It insulates you from electricity.
   Will+:     It increases your willpower.
   -Cast:     It prevents spellcasting.
   -Tele:     It prevents most forms of teleportation.
   rCorr:     It protects you from acid and corrosion.
 J - the +1 cloak of Fuli Xao (worn) {Int+4}
   (You acquired it in a wizard's laboratory)

   Int+4:     It affects your intelligence (+4).
 Q - the +0 pair of boots of Gimiusur (worn) {Str+6}
   (You found it on level 3 of the Dungeon)

   Str+6:     It affects your strength (+6).
Jewellery
 t - the ring of the Imp {Fly MP+9 Str+6}
   (You took it off a tengu warrior on level 13 of the Dungeon)

   [ring of strength]

   Str+6:     It affects your strength (+6).
   MP+9:      It affects your magic capacity (+9).
   Fly:       It grants you flight.
 u - the ring "Boss" (right hand) {rF++ Will+ Dex+2 Stlth+, =R}
   (You found it in a treasure trove)

   [ring of willpower]

   Dex+2:     It affects your dexterity (+2).
   rF++:      It greatly protects you from fire.
   Will+:     It increases your willpower.
   Stlth+:    It makes you more stealthy.
 x - the ring "Qauguaf" {rPois Will+ MP-9 Str+4 Int+8}
   (You found it in a treasure trove)

   [ring of willpower]

   Str+4:     It affects your strength (+4).
   Int+8:     It affects your intelligence (+8).
   rPois:     It protects you from poison Will+: It increases your willpower.
   MP-9:      It affects your magic capacity (-9).
 Y - the ring "Zelotihu" (left hand) {rF+ rC+ Dex+6}
   (You found it in a treasure trove)

   [ring of dexterity]

   Dex+6:     It affects your dexterity (+6).
   rF+:       It protects you from fire.
   rC+:       It protects you from cold.
 Z - the amulet "Patoum" (around neck) {Spirit -Cast Contam rCorr Slay+6}
   (You found it in a treasure trove)

   [amulet of guardian spirit]

   Spirit:    It causes incoming damage to be divided between your reserves of
   health and magic.
   Slay+6:    It affects your accuracy & damage with ranged weapons and melee
   (+6).
   -Cast:     It prevents spellcasting.
   Contam:    It causes magical contamination when unequipped.
   rCorr:     It protects you from acid and corrosion.
Wands
 d - a wand of digging (1)
 e - a wand of charming (46)
 j - a wand of quicksilver (15)
 k - a wand of iceblast (47)
 s - a wand of mindburst (90)
 P - a wand of polymorph (31)
Scrolls
 B - 5 scrolls of blinking
 C - 7 scrolls of poison
 E - 5 scrolls of fear
 F - 10 scrolls of fog
 S - 5 scrolls of butterflies
 T - 19 scrolls of teleportation
 V - 3 scrolls of vulnerability
Potions
 o - 10 potions of ambrosia
 q - 18 potions of curing
 A - 10 potions of attraction
 H - a potion of haste {!q}
 I - 2 potions of invisibility
 K - 3 potions of magic {!q}
 M - 8 potions of might
 N - 4 potions of cancellation {!q}
 R - 5 potions of resistance
 W - 3 potions of heal wounds {!q}
 X - 10 potions of enlightenment
Miscellaneous
 c - a condenser vane
 l - a lightning rod (4/4)
 n - a phial of floods
 O - a sack of spiders
 U - a phantom mirror (inert)


   Skills:
 - Level 20.0 Fighting
 - Level 16.0 Maces & Flails
 - Level 16.0 Throwing
 - Level 20.0 Armour
 + Level 14.5 Dodging
 - Level 2.0 Stealth
 - Level 15.0 Shields
 - Level 5.2 Unarmed Combat
 - Level 20.1 Invocations
 + Level 14.5 Evocations


You had 26 spell levels left.
You didn't know any spells.
Your spell library was empty.

Dungeon Overview and Level Annotations

Branches:
Dungeon (15/15)            Temple (1/1) D:5            Lair (5/5) D:10
 Shoals (4/4) Lair:3       Spider (4/4) Lair:2        Slime (0/5) Lair:4
    Orc (2/2) D:12            Elf (3/3) Orc:2        Vaults (5/5) D:13
  Crypt (0/3) Vaults:2     Depths (4/4) D:15            Zot (5/5) Depths:4
  IceCv (visited)          WizLab (visited)         Gauntlet (visited)

Altars:
Ashenzari
Cheibriados
Dithmenos
Fedhas
Gozag
Hepliaklqana
Kikubaaqudgha
Makhleb
Nemelex Xobeh
Okawaru
Qazlal
Ru
Sif Muna
Trog
Uskayaw
Vehumet
Wu Jian
Xom
Yredelemnul
Jiyva
Lugonu

Shops:
D:2 [[!   D:15 *   Orc:1 =   Orc:2 =***   Vaults:1 (   Vaults:5 !![?!=

Portals:
Hell: Depths:1 Depths:2 Depths:3 Depths:4
Abyss: Depths:3 Depths:4
Pandemonium: Depths:2 Depths:3
Ziggurat: Depths:3


Innate Abilities, Weirdness & Mutations

You are immune to poison.
You have sharp fingernails.
Your flesh is cold resistant. (rC+)
You are immune to negative energy. (rN+++)
You do not regenerate when monsters are visible.
You are immune to unholy pain and torment.
You thrive by killing the living.


Message History

You hammer the demonic crawler like a gong!!!
You kill the demonic crawler!
Trog accepts your kill.
Magic restored.
HP restored.
There is an escape hatch in the ceiling here.
A mysterious force pulls you upwards. The hatch slams shut behind you.
There is a stone staircase leading up here.
You climb upwards.
There is a stone staircase leading down here.
There is a stone staircase leading up here.
You climb upwards.
There is a stone staircase leading down here.
There is a stone staircase leading up here.
You climb upwards.
There is a stone staircase leading down here.
A ball python comes into view.
The ball python hisses angrily.
You block the ball python's attack. The ball python barely misses you.
There is a stone staircase leading up here.
You barely miss the ball python. You block the ball python's attack. x2
You barely miss the ball python. The ball python closely misses you.
You block the ball python's attack.
A great orb of eyes comes into view.
You block the ball python's attack. The ball python closely misses you.
You barely miss the ball python.
The great orb of eyes turns its gaze towards you.
The ball python bites you but does no damage.
The ball python grabs you. The ball python constricts you.
The great orb of eyes gazes at you.
You sock the ball python!
You kill the ball python!
Trog accepts your kill.
You throw a boomerang.
The boomerang hits the great orb of eyes!!
The great orb of eyes is heavily wounded.
You climb upwards.
There is a stone staircase leading down here.
There is a staircase leading out of the dungeon here.
Use which ability? (? or * to list)
Your deep troll goes berserk!
Use which ability? (? or * to list)
Your iron troll goes berserk!
Your deep troll rages.
Use which ability? (? or * to list)
Your deep troll goes berserk!
Use which ability? (? or * to list)
Your troll goes berserk!
You have escaped!

#.##.#[#.# #.##.#+#.###
#.####.....##
#.###.......##
#.##.........###
###...........'#
#.............#
#......TT.....##########
#......@......##........
#.....TT......##.#######
#.............##.#
##...........###.# ####
##.........##...####...
##.......##...........
#'.....###.#..####.#†
###...##...#..# #.#.
##.#+..###..# #÷#.


You could see a friendly iron troll (summoned, berserk), 2 friendly deep trolls
and a friendly troll (summoned, berserk).

Vanquished Creatures
  3 dread liches (Zot:5)
  5 ancient liches
  2 orbs of fire
  A juggernaut (Depths:2)
  3 Killer Klowns (Zot:5)
  Frederick (Vaults:4)
  Bai Suzhen (Vaults:5)
  Saint Roka (Depths:2)
  A caustic shrike (Depths:2)
  A pandemonium lord (Depths:2)
  2 curse toes
  9 golden dragons
  Norris (Elf:2)
  A bone dragon (Abyss:2)
  Jory (Vaults:4)
  Arachne (Spider:3)
  the Enchantress (Depths:2)
  2 electric golems (Zot:5)
  11 tentacled monstrosities
  Jorgrun (Elf:2)
  A walking crystal tome (Depths:2)
  A lich (Depths:2)
  A walking divine tome (Depths:1)
  2 deep elf master archers (Elf:3)
  22 Orb Guardians
  5 titans
  3 deep elf blademasters
  An Executioner (Zot:3)
  3 death cobs
  A kraken (Shoals:3)
  3 quicksilver dragons
  9 sphinxes
  9 shadow dragons
  A tentacled starspawn (WizLab)
  8 tengu reavers
  Donald (Vaults:1)
  17 storm dragons
  A rockslime (Zot:5)
  2 nagarajas (WizLab)
  Roxanne (Elf:2)
  12 fire giants
  3 iron dragons
  A draconian monk (Depths:4)
  8 emperor scorpions
  A draconian knight (Zot:2)
  20 vault wardens
  10 frost giants
  2 draconian scorchers
  2 balrugs
  5 deep elf elementalists (Elf:3)
  Louise (Elf:3)
  3 ghost moths
  7 deep elf sorcerers
  12 ironbound preservers
  3 broodmothers
  2 orc warlords
  6 war gargoyles
  2 draconian annihilators
  A cacodemon (Abyss:2)
  4 demonspawn corrupters (WizLab)
  A draconian stormcaller (Zot:4)
  A ghoul (Vaults:2)
  15 stone giants
  5 spriggan defenders (Depths:2)
  12 very ugly things
  5 vampire knights
  4 formless jellyfish
  10 deep elf annihilators
  3 green draconians
  3 ironbound thunderhulks
  3 yellow draconians
  2 black draconians
  A minotaur (Gauntlet)
  10 dire elephants
  2 grey draconians (Depths:4)
  3 red draconians
  8 white draconians
  A dire elephant (shapeshifter) (Depths:3)
  7 deep elf demonologists
  6 purple draconians
  2 crystal guardians (Vaults:4)
  12 spark wasps
  7 deep elf death magi
  4 ettins
  A green death (Zot:1)
  12 merfolk impalers
  16 yaktaur captains
  9 fire dragons
  13 ice dragons
  6 entropy weavers
  2 jiangshi (Depths:1)
  5 merfolk javelineers
  9 great orbs of eyes
  11 deep elf high priests
  5 rakshasas
  A hydra (shapeshifter) (D:13)
  8 hydras
  Fannar (Orc:1)
  A spriggan skeleton (Depths:2)
  A sphinx zombie (D:15)
  A hell beast (Depths:2)
  A jorogumo (Spider:2)
  4 ogre magi
  3 spriggan air magi
  5 catoblepae
  2 radroaches (Spider:4)
  10 centaur warriors
  5 peacekeepers
  9 ironbound frosthearts
  An alligator (Lair:5)
  27 vault guards
  An anaconda (shapeshifter) (D:13)
  An anaconda (Lair:5)
  A radroach (shapeshifter) (Vaults:5)
  5 merfolk aquamancers
  4 boulder beetles
  32 dancing weapons
  6 merfolk avatars
  13 tengu warriors
  2 alligator snapping turtles
  6 deep troll shamans
  3 deep troll earth magi
  2 satyrs
  5 vampire magi
  19 two-headed ogres
  The ghost of AceOff the Covert, a novice FoDe of Gozag (D:8)
  6 occultists (WizLab)
  11 death yaks (Lair:5)
  3 spriggan berserkers
  6 demonic crawlers
  4 orc high priests (Orc:2)
  2 thrashing horrors (Abyss:2)
  4 hell knights
  2 sun demons
  11 deep elf knights
  The ghost of AncientFaroe the Cleaver, a novice HOFi (D:8)
  A soul eater (Depths:2)
  7 skeletal warriors
  6 pharaoh ants
  A fire crab (shapeshifter) (D:15)
  7 skysharks
  33 deep trolls
  A golden dragon zombie (Depths:2)
  2 glowing orange brains
  7 large abominations
  A salamander mystic (Depths:1)
  2 fire crabs
  2 spriggan druids (WizLab)
  3 iron trolls
  A spark wasp zombie (Depths:2)
  An orb spider (shapeshifter) (Vaults:5)
  4 orb spiders
  A shadow demon (Depths:2)
  11 sea snakes
  An obsidian statue (Zot:5)
  4 flayed ghosts
  5 deep elf archers
  A storm dragon skeleton (D:15)
  13 orc knights
  7 arcanists
  A lindwurm (shapeshifter) (D:15)
  25 deep elf zephyrmancers
  4 phantasmal warriors (Vaults:5)
  17 ironbound convokers
  3 steelbarb worms (Spider:4)
  28 deep elf pyromancers
  21 wolf spiders
  23 ugly things
  11 lindwurms
  7 necromancers
  17 manticores
  22 harpies
  8 fauns
  20 moths of wrath
  7 cyclopes
  6 orc sorcerers
  A cyclops (shapeshifter) (D:13)
  Joseph (D:7)
  2 elephants (shapeshifter)
  2 salamanders (Depths:1)
  2 rust devils
  Maurice (D:12)
  11 elephants (Lair:5)
  7 black mambas
  5 worldbinders
  11 merfolk sirens
  A manticore (shapeshifter) (Vaults:5)
  10 water nymphs
  27 vault sentinels
  2 ice statues (IceCv)
  4 torpor snails
  2 smoke demons
  2 gargoyles
  An orange demon (D:15)
  A minotaur zombie (Gauntlet)
  Maggie (Lair:2)
  11 cane toads
  2 unseen horrors
  2 rime drakes
  A tormentor (Abyss:2)
  2 efreet
  29 yaktaurs
  6 ice devils (IceCv)
  9 komodo dragons
  2 tengu conjurers
  A golden dragon simulacrum (Depths:2)
  4 freezing wraiths
  2 ancient zymes (Abyss:2)
  19 merfolk
  4 polar bears
  3 meliai (Spider:2)
  13 trolls
  A tyrant leech (Gauntlet)
  A glass eye (Depths:4)
  16 wind drakes
  3 raiju (Abyss:2)
  3 blink frogs (Lair:4)
  Prince Ribbit (D:8)
  A raiju (shapeshifter) (Depths:1)
  A spriggan zombie (D:15)
  17 tarantellas
  A snapping turtle (shapeshifter) (Depths:1)
  5 snapping turtles
  5 flying skulls (Gauntlet)
  12 dream sheep
  A frost giant simulacrum (Depths:2)
  17 culicivoras
  2 spriggans (shapeshifter)
  A shadow (D:13)
  34 slime creatures
  9 air elementals
  4 wraiths
  3 spriggans (Depths:2)
  28 jumping spiders
  52 yaks
  3 ynoxinuls (Abyss:2)
  4 fire elementals
  24 water elementals
  10 wyverns
  A vampire (D:9)
  4 basilisks
  A yak (shapeshifter) (Elf:1)
  A hog (shapeshifter) (Elf:2)
  4 fire bats (Gauntlet)
  3 steam dragons
  5 chaos spawn
  A death yak simulacrum (IceCv)
  A redback simulacrum (D:13)
  56 redbacks
  Menkaure (D:5)
  2 vampire mosquitoes (D:13)
  4 wargs (Orc:2)
  4 acid dragons
  A hydra simulacrum (IceCv)
  3 swamp worms (Gauntlet)
  18 water moccasins
  An ice beast (D:7)
  5 sky beasts
  6 black bears
  15 small abominations
  39 orc warriors
  8 centaurs
  30 wolves
  18 ogres
  A kobold brigand (D:8)
  7 bullfrogs
  3 gnoll sergeants
  2 earth elementals
  A two-headed ogre simulacrum (IceCv)
  4 scorpions
  2 cane toad simulacra (IceCv)
  5 wights
  An elephant simulacrum (IceCv)
  2 electric eels
  3 howler monkeys
  A quasit (Depths:1)
  4 hounds
  29 orc priests
  2 jellies (D:7)
  An iron imp (Abyss:2)
  Jessica (D:3)
  3 iguanas
  Natasha (thrice) (D:3)
  An iguana (shapeshifter) (D:14)
  17 orc wizards
  2 spriggan simulacra (IceCv)
  A polar bear simulacrum (IceCv)
  A troll simulacrum (IceCv)
  A wolf simulacrum (IceCv)
  12 gnolls
  8 adders
  An adder (shapeshifter) (Depths:2)
  2 naga simulacra (IceCv)
  6 white imps
  4 ufetubi (IceCv)
  4 worms
  97 orcs
  7 ball pythons
  2 bats (D:2)
  6 endoplasms
  14 giant cockroaches
  6 goblins
  5 hobgoblins
  6 quokkas
  8 frilled lizards
  13 kobolds
  5 rats
2034 creatures vanquished.

Vanquished Creatures (collateral kills)
  Mennas (Depths:4)
  A Killer Klown (Zot:5)
  A tentacled monstrosity (Zot:4)
  A draconian monk (Zot:3)
  A draconian shifter (Zot:4)
  A reaper (IceCv)
  A stone giant (Vaults:5)
  A black draconian (Zot:4)
  2 white draconians
  A yellow draconian (Zot:4)
  A purple draconian (Zot:4)
  A vault guard (Vaults:5)
  An ogre mage (D:13)
  A dancing weapon (Elf:2)
  A tengu warrior (D:10)
  A deep elf pyromancer (Elf:2)
  A necromancer (Depths:4)
  An orc knight (Orc:1)
  A lindwurm (shapeshifter) (Vaults:5)
  A cyclops (D:13)
  A manticore (D:10)
  An elephant (D:10)
  A smoke demon (Abyss:2)
  An ice devil (IceCv)
  A yak (Lair:5)
  A chaos spawn (Depths:2)
  4 orc warriors
  A black bear (D:10)
  A scorpion (D:10)
  2 orc priests (Orc:2)
  An ufetubus (Abyss:2)
  2 orcs
38 creatures vanquished.

Vanquished Creatures (others)
  3 death cobs
  A draconian scorcher (Depths:4)
  A merfolk aquamancer (Shoals:4)
  A deep elf knight (Elf:2)
  A merfolk (Shoals:4)
  An orc wizard (D:8)
  An ufetubus (IceCv)
  3 starspawn tentacles (WizLab)
  4 tentacles (Shoals:3)
16 creatures vanquished.

Grand Total: 2088 creatures vanquished

Notes
Turn   | Place    | Note
-------+----------+-------------------------------------------
     0 | D:1      | Ge0ff the Ghoul Berserker began the quest for the Orb.
     0 | D:1      | Reached XP level 1. HP: 19/19 MP: 0/0
   125 | D:1      | Found a faded altar of an unknown god.
   276 | D:1      | Reached XP level 2. HP: 18/26 MP: 1/1
   633 | D:1      | Reached XP level 3. HP: 25/31 MP: 2/2
   739 | D:1      | Reached skill level 5 in Unarmed Combat
   810 | D:1      | Reached skill level 1 in Stealth
  1077 | D:1      | Reached XP level 4. HP: 38/38 MP: 3/3
  1222 | D:2      | Reached ** piety under Trog
  1280 | D:2      | Found Udemorur's Distillery.
  1328 | D:2      | Found Luonuuma's Antique Armour Emporium.
  1390 | D:2      | Found Jeg Ufei's Antique Armour Shoppe.
  1483 | D:2      | Identified the +7 whip of Qeaxzoum {flame, Str+2 Int+5
                  | SInv}
  1662 | D:2      | Reached XP level 5. HP: 43/46 MP: 4/4
  1665 | D:2      | Reached skill level 1 in Maces & Flails
  1898 | D:3      | Identified the +0 pair of boots of Gimiusur {Str+6}
  2022 | D:3      | Reached *** piety under Trog
  2102 | D:3      | Noticed Natasha
  2105 | D:3      | Killed Natasha
  2235 | D:3      | Noticed Natasha
  2240 | D:3      | Killed Natasha
  2250 | D:3      | Noticed Natasha
  2261 | D:3      | Killed Natasha
  2262 | D:3      | Reached XP level 6. HP: 36/52 MP: 5/5
  2342 | D:3      | Noticed Jessica
  2349 | D:3      | Killed Jessica
  2568 | D:4      | Noticed a black bear
  2578 | D:4      | Killed a black bear
  2579 | D:4      | Reached skill level 5 in Fighting
  2674 | D:4      | Reached XP level 7. HP: 40/62 MP: 6/6
  3624 | D:4      | Found a sparkling altar of Nemelex Xobeh.
  3664 | D:5      | Entered Level 5 of the Dungeon
  3739 | D:2      | Bought a runed helmet for 180 gold pieces
  3903 | D:5      | Reached skill level 1 in Throwing
  4267 | D:5      | Found a staircase to the Ecumenical Temple.
  4278 | Temple   | Found a transporter.
  4278 | Temple   | Found a transporter.
  4278 | Temple   | Found a transporter.
  4278 | Temple   | Found a transporter.
  4278 | Temple   | Entered the Ecumenical Temple
  4323 | D:5      | Noticed Menkaure
  4326 | D:5      | Killed Menkaure
  4327 | D:5      | Reached XP level 8. HP: 73/73 MP: 7/7
  4417 | D:5      | Found a basalt altar of Yredelemnul.
  4491 | D:5      | Reached skill level 5 in Maces & Flails
  5550 | D:2      | Bought a potion of degeneration for 13 gold pieces
  5550 | D:2      | Bought a potion of heal wounds for 65 gold pieces
  6160 | D:7      | Reached XP level 9. HP: 79/79 MP: 8/8
  6243 | D:7      | Found a snail-covered altar of Cheibriados.
  6349 | D:7      | Reached **** piety under Trog
  6516 | D:7      | Noticed Joseph
  6541 | D:7      | Killed Joseph
  7037 | D:8      | Found a hide-covered altar of Uskayaw.
  7163 | D:8      | Reached skill level 10 in Maces & Flails
  7340 | D:8      | Reached XP level 10. HP: 86/86 MP: 9/9
  7647 | D:8      | Noticed Prince Ribbit
  7664 | D:8      | Killed Prince Ribbit
  7901 | D:8      | Found a runed translucent gate.
  7902 | D:8      | Found a runed translucent gate.
  7903 | D:8      | Found a runed translucent gate.
  7904 | D:8      | Noticed AncientFaroe's ghost (novice HOFi)
  7905 | D:8      | Noticed AceOff's ghost (novice FoDe)
  8015 | D:9      | Found an opulent altar of Gozag.
  8185 | D:9      | Found Amonniu's Magic Scroll Emporium.
  8190 | D:9      | Bought a scroll of identify for 28 gold pieces
  8285 | D:9      | Identified a scroll of acquirement
  8416 | D:9      | Found a stormy altar of Qazlal.
  8825 | D:10     | Entered Level 10 of the Dungeon
  8883 | D:10     | Acquired the +8 whip "Snakebite" {venom, curare, rPois}
  8883 | D:10     | Found the +8 whip "Snakebite" {venom, curare, rPois}
  8917 | D:10     | Noticed a two-headed ogre
  8931 | D:10     | Killed a two-headed ogre
  9008 | D:10     | Found a sacrificial altar of Ru.
  9098 | D:10     | Reached XP level 11. HP: 97/97 MP: 10/10
  9238 | D:10     | Reached ***** piety under Trog
  9240 | D:10     | Noticed a manticore
  9254 | D:10     | Reached skill level 10 in Fighting
  9353 | D:10     | Noticed a tengu warrior
  9423 | D:10     | Killed a tengu warrior
  9445 | D:10     | Found a staircase to the Lair.
  9451 | D:10     | Killed a manticore
  9721 | D:10     | Found a portal to a secret trove of treasure.
 10007 | D:10     | Reached skill level 1 in Shields
 10436 | D:11     | Noticed a two-headed ogre
 10504 | D:11     | Noticed a manticore
 10522 | D:11     | Killed a manticore
 10873 | D:11     | Killed a two-headed ogre
 11165 | D:11     | Reached XP level 12. HP: 102/110 MP: 11/11
 12788 | D:12     | Identified the +0 leather armour "Cenarakiba" {rN+ Str-4
                  | Dex+5}
 12857 | D:12     | Found a staircase to the Orcish Mines.
 12976 | D:12     | Noticed Maurice
 12994 | D:12     | Killed Maurice
 13349 | D:12     | Noticed a boulder beetle
 13367 | D:12     | Killed a boulder beetle
 13384 | D:12     | Noticed a two-headed ogre
 13393 | D:12     | Killed a two-headed ogre
 13623 | Orc:1    | Entered Level 1 of the Orcish Mines
 13715 | Orc:2    | Entered Level 2 of the Orcish Mines
 13757 | Orc:2    | Noticed a two-headed ogre
 13769 | Orc:2    | Killed a two-headed ogre
 13775 | Orc:2    | Noticed a two-headed ogre
 13791 | Orc:2    | Killed a two-headed ogre
 13797 | Orc:2    | Noticed a two-headed ogre
 13806 | Orc:2    | Killed a two-headed ogre
 13807 | Orc:2    | Reached skill level 5 in Armour
 13827 | Orc:2    | Noticed a two-headed ogre
 13842 | Orc:2    | Killed a two-headed ogre
 13843 | Orc:2    | Reached skill level 5 in Shields
 13993 | Orc:1    | Noticed Fannar
 14014 | Orc:1    | Killed Fannar
 14095 | Orc:2    | Noticed a two-headed ogre
 14104 | Orc:2    | Killed a two-headed ogre
 14149 | Orc:1    | Found Satzas's Jewellery Shoppe.
 14155 | Orc:1    | Reached skill level 5 in Dodging
 14156 | Orc:1    | Noticed a soul eater
 14158 | Orc:1    | Received a gift from Trog
 14169 | Orc:1    | Found a frozen archway.
 14180 | IceCv    | Entered an ice cave
 14258 | IceCv    | Reached XP level 13. HP: 94/118 MP: 12/12
 14818 | IceCv    | Reached skill level 1 in Evocations
 15048 | IceCv    | Noticed a reaper
 15058 | IceCv    | Killed a reaper
 15810 | D:2      | Bought a potion of experience for 650 gold pieces
 15810 | D:2      | Reached XP level 14. HP: 132/132 MP: 13/13
 16700 | Orc:2    | Found Agisil's Jewellery Boutique.
 16812 | Orc:2    | Found Gazoujic's General Store.
 16966 | Orc:2    | Bought a scroll of identify for 26 gold pieces
 17288 | Orc:2    | Received a gift from Trog
 17593 | Orc:2    | Found a staircase to the Elven Halls.
 17774 | Orc:2    | Noticed an orc warlord
 17793 | Orc:2    | Killed an orc warlord
 17868 | Orc:2    | Paralysed by an orc sorcerer for 3 turns
 17983 | Orc:2    | Found Roucesy's General Store.
 18006 | Orc:2    | Bought a scroll of identify for 36 gold pieces
 18006 | Orc:2    | Bought a wand of flame (3) for 37 gold pieces
 18089 | Orc:2    | Found Gaxattin's Assorted Antiques.
 18099 | Orc:2    | Bought a scroll of teleportation for 84 gold pieces
 18343 | D:8      | Killed AceOff's ghost
 18360 | D:8      | Killed AncientFaroe's ghost
 18494 | D:9      | Bought a scroll of identify for 28 gold pieces
 18494 | D:9      | Bought 2 scrolls of poison for 112 gold pieces
 18536 | Lair:1   | Entered Level 1 of the Lair of Beasts
 18814 | Lair:1   | Reached XP level 15. HP: 139/139 MP: 14/14
 19474 | Lair:2   | Received a gift from Trog
 19620 | Lair:2   | Noticed Maggie
 19622 | Lair:2   | Found a hole to the Spider Nest.
 19634 | Lair:2   | Killed Maggie
 19704 | Lair:2   | Reached skill level 15 in Fighting
 20448 | Lair:3   | Found a staircase to the Shoals.
 20722 | Lair:3   | Found a gate leading to a gauntlet.
 20740 | Gauntlet | Entered a Gauntlet
 20740 | Gauntlet | Found a transporter.
 20740 | Gauntlet | Found a transporter.
 20748 | Gauntlet | Found a transporter.
 20752 | Gauntlet | Found a transporter.
 20761 | Gauntlet | Found a transporter.
 20764 | Gauntlet | Found a transporter.
 20768 | Gauntlet | Found a runed translucent door.
 20770 | Gauntlet | Found a runed translucent door.
 20772 | Gauntlet | Found a transporter.
 20789 | Gauntlet | Found a transporter.
 20804 | Gauntlet | Found a transporter.
 20808 | Gauntlet | Found a transporter.
 20816 | Gauntlet | Found a transporter.
 20820 | Gauntlet | Found a transporter.
 21029 | Gauntlet | Identified the +12 short sword "Zexozeor" {elec, *Noise
                  | rPois rF+++ rC+++}
 21095 | Gauntlet | Identified the ring of Greed {Contam rPois rN++ rCorr
                  | Int+6}
 21515 | Lair:3   | Received a gift from Trog
 21802 | Orc:2    | Bought a scroll of brand weapon for 171 gold pieces
 22316 | Lair:4   | Reached skill level 5 in Evocations
 22520 | Lair:4   | Reached skill level 5 in Throwing
 22815 | Lair:4   | Found a viscous altar of Jiyva.
 22817 | Lair:4   | Found a staircase to the Slime Pits.
 23170 | Lair:5   | Entered Level 5 of the Lair of Beasts
 23616 | Lair:5   | Received a gift from Trog
 23656 | Lair:5   | Reached XP level 16. HP: 69/150 MP: 15/15
 25348 | D:13     | Found a runed translucent door.
 25348 | D:13     | Found a runed translucent door.
 25389 | D:13     | Found a runed translucent door.
 25483 | D:13     | Reached skill level 15 in Maces & Flails
 25538 | D:13     | Found a gate to the Vaults.
 25768 | D:13     | Identified the ring of Waho {Will+ rCorr}
 25780 | D:13     | Identified the ring of the Imp {Fly MP+9 Str+6}
 25784 | D:13     | Identified the amulet "Utzaloto" {RegenMP MP+9}
 25790 | D:13     | Received a gift from Trog
 25975 | D:13     | Identified the ring of Ecauxt {rPois rF- EV+5 Int+5 Slay-5}
 26695 | D:14     | Found a blossoming altar of Fedhas.
 26919 | D:14     | Acquired the +9 morningstar "Fuepp" {heavy, rF+ rC- Int+4}
 27262 | D:14     | Found a blossoming altar of Fedhas.
 27646 | D:15     | Entered Level 15 of the Dungeon
 27747 | D:15     | Paralysed by an ogre mage for 4 turns
 27761 | D:15     | Reached XP level 17. HP: 147/159 MP: 16/16
 27948 | D:15     | Found Ulijokhi's Overcharged Wands.
 28041 | D:15     | Found a staircase to the Depths.
 28143 | D:15     | Noticed Nessos
 28146 | D:15     | Nessos changed into Nessos the fire crab
 28146 | D:15     | Noticed Nessos
 28147 | D:15     | Killed Nessos the fire crab
 28148 | D:15     | Reached skill level 10 in Armour
 28554 | D:15     | Reached ****** piety under Trog
 28634 | D:15     | Reached skill level 10 in Shields
 28843 | D:13     | Received a gift from Trog
 29127 | Shoals:1 | Entered Level 1 of the Shoals
 30592 | Shoals:2 | Received a gift from Trog
 31319 | Shoals:3 | Identified the +2 leather armour of Jaovixenn {Will+}
 31492 | Shoals:3 | Identified the +11 halberd of the Final Chapter {holy,
                  | Dex+6}
 31679 | Shoals:3 | Reached XP level 18. HP: 138/171 MP: 17/17
 32194 | Shoals:4 | Entered Level 4 of the Shoals
 32632 | Shoals:4 | Paralysed by an air elemental for 1 turns
 32634 | Shoals:4 | Paralysed by an air elemental for 1 turns
 32636 | Shoals:4 | Paralysed by an air elemental for 1 turns
 32640 | Shoals:4 | Paralysed by an air elemental for 1 turns
 32855 | Shoals:4 | Received a gift from Trog
 33235 | Shoals:4 | Paralysed by an air elemental for 1 turns
 33597 | Shoals:4 | Paralysed by an air elemental for 1 turns
 33601 | Shoals:4 | Paralysed by an air elemental for 1 turns
 33604 | Shoals:4 | Paralysed by an air elemental for 1 turns
 33796 | Shoals:4 | Paralysed by an air elemental for 1 turns
 33801 | Shoals:4 | Paralysed by an air elemental for 1 turns
 34364 | Shoals:4 | Got a barnacled rune of Zot
 34774 | Spider:1 | Entered Level 1 of the Spider Nest
 34999 | Spider:1 | Received a gift from Trog
 35975 | Spider:2 | Reached XP level 19. HP: 153/181 MP: 18/18
 36860 | Spider:3 | Noticed Arachne
 36890 | Spider:3 | Killed Arachne
 37278 | Spider:3 | Received a gift from Trog
 38060 | Spider:4 | Entered Level 4 of the Spider Nest
 38574 | Spider:4 | Reached skill level 10 in Throwing
 39060 | Spider:4 | Received a gift from Trog
 39248 | Spider:4 | Got a gossamer rune of Zot
 39574 | D:10     | You paid a toll of 12 potions of heal wounds to enter a
                  | treasure trove
 39575 | Trove    | Entered a treasure trove
 39579 | Trove    | Identified the ring "Qauguaf" {rPois Will+ MP-9 Str+4
                  | Int+8}
 39581 | Trove    | Identified the amulet "Patoum" {Spirit -Cast Contam rCorr
                  | Slay+6}
 39583 | Trove    | Identified the ring "Ysi Xif" {Fly Str+2 Int+5}
 39584 | Trove    | Identified the ring "Mielor" {Fly Dex+3 SInv}
 39589 | Trove    | Identified the ring "Zelotihu" {rF+ rC+ Dex+6}
 39590 | Trove    | Identified the ring of Daefor {rF- rCorr Str+6 SInv}
 39592 | Trove    | Identified the ring "Boss" {rF++ Will+ Dex+2 Stlth+}
 39920 | D:2      | Bought a pair of runed gloves for 195 gold pieces
 40211 | Vaults:5 | Identified the "Bavithu"
 40211 | Elf:1    | Identified the "Xuklal"
 40211 | Elf:1    | Identified the "Gugoi"
 40211 | Elf:1    | Identified the "Xyzean"
 40211 | Elf:1    | Entered Level 1 of the Elven Halls
 41388 | Elf:2    | Received a gift from Trog
 41501 | Elf:2    | Reached skill level 1 in Invocations
 41620 | Elf:2    | Reached XP level 20. HP: 141/191 MP: 20/20
 41699 | Elf:2    | Paralysed by an air elemental for 1 turns
 41893 | Elf:2    | Noticed Roxanne
 41903 | Elf:2    | Killed Roxanne
 41966 | Elf:2    | Noticed Jorgrun
 41978 | Elf:2    | Killed Jorgrun
 42198 | Elf:2    | Found a runed translucent gate.
 42198 | Elf:2    | Found a runed translucent gate.
 42199 | Elf:2    | Found a runed translucent gate.
 43287 | Elf:2    | Noticed Norris
 43313 | Elf:2    | Killed Norris
 43533 | Elf:3    | Identified the "Leaxasee"
 43533 | Elf:3    | Entered Level 3 of the Elven Halls
 43549 | Elf:3    | Noticed Louise
 43567 | Elf:3    | Killed Louise
 44211 | D:2      | Bought a jewelled ring mail for 216 gold pieces
 44211 | D:2      | Identified the +5 ring mail of Unambiguity {Will+ Int+3}
                  | (You bought it in a shop on level 2 of the Dungeon)
 44783 | Elf:3    | Received a gift from Trog
 44921 | Elf:3    | Reached skill level 10 in Evocations
 45137 | Elf:3    | Identified the +9 mace of Abomination {venom, +Blink rElec
                  | Str+5}
 45335 | Elf:3    | Identified the amulet "Foebesk" {Spirit rPois Slay+3}
 45341 | Elf:3    | Reached skill level 5 in Invocations
 45354 | Abyss:2  | Found a corrupted altar of Lugonu.
 45354 | Abyss:2  | Cast into level 2 of the Abyss (a deep elf demonologist)
 45530 | Abyss:2  | Reached XP level 21. HP: 177/201 MP: 19/23
 45531 | Abyss:2  | Received a gift from Trog
 45632 | Abyss:2  | Noticed a bone dragon
 45649 | Abyss:2  | Killed a bone dragon
 45653 | Elf:3    | Escaped the Abyss
 45891 | Elf:3    | Identified the +3 buckler of Henotheism {Will+ Regen+
                  | Dex+5}
 45897 | Elf:3    | Identified the +7 falchion of Qyetead {freeze, Fragile
                  | +Blink rElec Will+++}
 45899 | Elf:3    | Identified the ring "Gofoput" {rC+ Int+5}
 45900 | Elf:3    | Identified the ring of Ewenio {Ice +Blink Str-5 Int+2
                  | Dex+2}
 45907 | Elf:3    | Identified the ring of the Firefly {rC++ Int+6}
 45910 | Elf:3    | Identified the +5 mace "Grim Tooth" {freeze, rPois}
 45938 | Elf:3    | Identified the +3 plate armour of the Valley of Death
                  | {rElec rF+ Int-4}
 46020 | Elf:3    | Identified the staff "Kecin" {rElec Str+3 Int+3 Air}
 46027 | Elf:3    | Identified the +3 falchion "Seollar" {chaos, *Noise rF++
                  | rCorr Int+3}
 46260 | D:9      | Bought a scroll of enchant weapon for 105 gold pieces
 46260 | D:9      | Bought a scroll of immolation for 56 gold pieces
 46260 | D:9      | Bought a scroll of fog for 56 gold pieces
 46260 | D:9      | Bought a scroll of teleportation for 42 gold pieces
 46260 | D:9      | Bought a scroll of fear for 56 gold pieces
 46260 | D:9      | Bought a scroll of enchant weapon for 105 gold pieces
 46260 | D:9      | Bought a scroll of teleportation for 42 gold pieces
 46373 | Vaults:1 | Entered Level 1 of the Vaults
 47264 | Vaults:1 | Found Adizouck's Weapon Shop.
 47546 | Vaults:1 | Noticed Donald
 47556 | Vaults:1 | Killed Donald
 48449 | Vaults:1 | Identified the +0 scale mail of the Devil {rC+++ Will+++
                  | Dex-3}
 48770 | Vaults:2 | Received a gift from Trog
 49576 | Vaults:2 | Found a staircase to the Crypt.
 50167 | Vaults:2 | Received a gift from Trog
 50168 | Vaults:2 | Reached skill level 10 in Dodging
 50334 | Vaults:3 | Paralysed by a sphinx for 4 turns
 50531 | Vaults:3 | Reached XP level 22. HP: 209/209 MP: 26/26
 50555 | Vaults:3 | Acquired the +15 Maxwell's patent armour {-Cast -Tele rElec
                  | Will+ rCorr}
 50555 | Vaults:3 | Found the +15 Maxwell's patent armour {-Cast -Tele rElec
                  | Will+ rCorr}
 51510 | Vaults:4 | Received a gift from Trog
 51718 | Vaults:4 | Noticed Frederick
 51729 | Vaults:4 | Killed Frederick
 51730 | Vaults:4 | Reached skill level 15 in Shields
 52034 | Vaults:4 | Received a gift from Trog
 52036 | Vaults:4 | Noticed Jory
 52063 | Vaults:4 | Killed Jory
 52267 | Vaults:4 | Identified the +0 helmet "Siliroit" {rPois rF+}
 53356 | Depths:1 | Entered Level 1 of the Depths
 53390 | Depths:1 | Found a gateway to Hell.
 53403 | Depths:1 | Reached skill level 10 in Invocations
 53867 | Depths:1 | Reached skill level 15 in Armour
 53867 | Depths:1 | Reached XP level 23. HP: 205/215 MP: 26/29
 53905 | Depths:1 | Received a gift from Trog
 54394 | Depths:1 | Identified the +4 whip "Gyqauggi" {protect, *Slow rC+ rN+
                  | Int+3}
 55061 | Depths:2 | Found a magical portal.
 55079 | WizLab   | Entered Alistair's Party Mansion
 55283 | WizLab   | Noticed a golden dragon
 55331 | WizLab   | Acquired the +1 cloak of Fuli Xao {Int+4}
 55376 | WizLab   | Noticed a golden dragon
 55390 | WizLab   | Reached XP level 24. HP: 224/224 MP: 31/32
 55612 | Depths:2 | Identified the +10 mace of the Hills {heavy, rElec rC-
                  | Stlth+} (Trog gifted it to you on level 2 of the Depths)
 55612 | Depths:2 | Received a gift from Trog
 55912 | Depths:2 | Found a one-way gate leading to the halls of Pandemonium.
 55961 | Depths:2 | Found a runed translucent door.
 55962 | Depths:2 | Noticed a juggernaut
 56000 | Depths:2 | Found the +9 sword of Power {lifebolt}
 56004 | Depths:2 | Found a runed translucent door.
 56054 | Depths:2 | Reached skill level 15 in Throwing
 56080 | Depths:2 | Noticed the Enchantress
 56090 | Depths:2 | Killed the Enchantress
 56435 | Depths:2 | Noticed Saint Roka
 56450 | Depths:2 | Killed Saint Roka
 56892 | Depths:2 | Killed a juggernaut
 56903 | Depths:2 | Noticed a caustic shrike
 56919 | Depths:2 | Identified the ring "Ifrule Otuc" {rC+ Slay+2}
 57080 | Depths:2 | Killed a caustic shrike
 57086 | Depths:2 | Reached skill level 15 in Invocations
 57102 | Depths:2 | Received a gift from Trog
 57242 | Depths:3 | Reached XP level 25. HP: 231/231 MP: 33/33
 57609 | Depths:3 | Found a corrupted altar of Lugonu.
 57625 | Depths:3 | Found a one-way gate to the infinite horrors of the Abyss.
 57845 | Depths:3 | Found a one-way gateway to a ziggurat.
 58739 | Depths:4 | Entered Level 4 of the Depths
 58778 | Depths:4 | Noticed Mennas
 58795 | Depths:4 | Killed Mennas
 58797 | Depths:4 | Received a gift from Trog
 59182 | Depths:4 | Found an ancient bone altar of Kikubaaqudgha.
 59662 | Depths:4 | Found a gate to the Realm of Zot.
 60116 | Orc:2    | Bought a potion of heal wounds for 140 gold pieces
 60149 | Orc:2    | Bought a potion of magic for 144 gold pieces
 60386 | Vaults:5 | Entered Level 5 of the Vaults
 60399 | Vaults:5 | Received a gift from Trog
 60441 | Vaults:5 | Noticed an ancient lich
 60451 | Vaults:5 | Killed an ancient lich
 60455 | Vaults:5 | Noticed an ancient lich
 60467 | Vaults:5 | Killed an ancient lich
 60469 | Vaults:5 | Noticed Bai Suzhen
 60484 | Vaults:5 | Killed Bai Suzhen
 60485 | Vaults:5 | Received a gift from Trog
 60500 | Vaults:5 | Reached XP level 26. HP: 239/239 MP: 20/35
 60824 | Vaults:5 | Noticed an ancient lich
 60841 | Vaults:5 | Killed an ancient lich
 60879 | Vaults:5 | Found Aqyzy's Magic Scroll Shoppe.
 60883 | Vaults:5 | Bought a scroll of teleportation for 48 gold pieces
 60883 | Vaults:5 | Bought a scroll of teleportation for 48 gold pieces
 60883 | Vaults:5 | Bought a scroll of poison for 64 gold pieces
 60883 | Vaults:5 | Bought a scroll of poison for 64 gold pieces
 60944 | Vaults:5 | Received a gift from Trog
 61396 | Vaults:5 | Got a silver rune of Zot
 61608 | Vaults:5 | Found Cuys's Jewellery Shop.
 61741 | Vaults:5 | Found Etytamp's Antique Armour Boutique.
 61801 | Vaults:5 | Found Zivom's Distillery.
 61801 | Vaults:5 | Found Cibroniese's Distillery.
 61806 | Vaults:5 | Bought 2 potions of ambrosia for 256 gold pieces
 61806 | Vaults:5 | Bought a potion of invisibility for 128 gold pieces
 61806 | Vaults:5 | Bought a potion of curing for 48 gold pieces
 61806 | Vaults:5 | Bought a potion of attraction for 48 gold pieces
 61806 | Vaults:5 | Bought a potion of resistance for 160 gold pieces
 61806 | Vaults:5 | Bought a potion of curing for 48 gold pieces
 61806 | Vaults:5 | Bought a potion of cancellation for 128 gold pieces
 61815 | Vaults:5 | Bought a potion of ambrosia for 112 gold pieces
 61815 | Vaults:5 | Bought a potion of cancellation for 112 gold pieces
 61815 | Vaults:5 | Bought a potion of curing for 42 gold pieces
 61815 | Vaults:5 | Bought a potion of curing for 42 gold pieces
 61876 | Vaults:5 | Found Buiph's Distillery.
 61886 | Vaults:5 | Bought a potion of might for 60 gold pieces
 61886 | Vaults:5 | Bought a potion of haste for 150 gold pieces
 61886 | Vaults:5 | Bought a potion of enlightenment for 75 gold pieces
 61886 | Vaults:5 | Bought a potion of heal wounds for 75 gold pieces
 61886 | Vaults:5 | Bought 2 potions of enlightenment for 150 gold pieces
 62230 | D:2      | Bought a potion of ambrosia for 104 gold pieces
 62230 | D:2      | Bought a potion of enlightenment for 65 gold pieces
 62230 | D:2      | Bought a potion of attraction for 39 gold pieces
 62230 | D:2      | Bought a potion of enlightenment for 65 gold pieces
 62230 | D:2      | Bought a potion of attraction for 39 gold pieces
 63488 | D:15     | Bought a wand of flame (40) for 420 gold pieces
 63488 | D:15     | Bought a wand of mindburst (30) for 630 gold pieces
 63488 | D:15     | Bought a wand of iceblast (18) for 648 gold pieces
 63488 | D:15     | Bought a wand of mindburst (30) for 630 gold pieces
 64089 | Zot:1    | Entered Level 1 of the Realm of Zot
 64362 | Zot:2    | Received a gift from Trog
 64645 | Zot:4    | Noticed an orb of fire
 64656 | Zot:3    | Killed an orb of fire
 65909 | Zot:5    | Entered Level 5 of the Realm of Zot
 65937 | Zot:5    | Noticed a Killer Klown
 65953 | Zot:5    | Killed a Killer Klown
 65954 | Zot:5    | Reached XP level 27. HP: 246/246 MP: 36/36
 66678 | Zot:5    | Noticed a dread lich
 66691 | Zot:5    | Killed a dread lich
 66696 | Zot:5    | Noticed a dread lich
 66702 | Zot:5    | Killed a dread lich
 67058 | Zot:5    | Noticed an orb of fire
 67071 | Zot:5    | Killed an orb of fire
 67241 | Zot:5    | Received a gift from Trog
 67268 | Zot:5    | Noticed a dread lich
 67278 | Zot:5    | Killed a dread lich
 67487 | Zot:5    | Noticed an ancient lich
 67496 | Zot:5    | Killed an ancient lich
 67589 | Zot:5    | Got the Orb of Zot
 67594 | Zot:5    | Noticed an orb of fire
 67594 | Zot:5    | Noticed an orb of fire
 67606 | Zot:5    | Noticed an ancient lich
 67615 | Zot:5    | Killed an ancient lich
 67839 | Depths:4 | Noticed Keumnuerph the pandemonium lord
 67891 | Depths:2 | Noticed Wiggioq the pandemonium lord
 67903 | Depths:2 | Killed Wiggioq the pandemonium lord
 67934 | Depths:1 | Noticed Gomaminn the pandemonium lord
 68307 | D:$      | Escaped with the Orb!

Illustrated notes

Levels and vault maps discovered:
D:1:      lemuel_arrival_rhombus, layout_loops_ring,
          dreamdust_ecumenical_altar_angels_and_demons, nicolae_titane
D:2:      minmay_roachtagon, layout_basic, serial_shops, shop,
          nicolae_shop_industrial_runoff, shop,
          nicolae_concentric_dashed_squares_mild
D:3:      layout_basic, chequers_serial_rivers_room_b, uniq_natasha,
          uniq_jessica
D:4:      layout_layer_cave, nemelex_spade_bored_becter
D:5:      layout_basic, overflow_temple_1_default,
          minmay_temple_entry_offerings, uniq_menkaure
D:6:      layout_basic, amcnicky_mini_rare_corridor_liquid
D:7:      layout_loops_ring, slow_altar_1, uniq_joseph
D:8:      layout_gridville, eat_drink_and_be_merry_uskayaw,
          gammafunk_ghost_cemetery, uniq_prince_ribbit1
D:9:      layout_roguey, nicolae_qazlal_scattered_showers,
          grunt_gozag_breadcrumbs, serial_corexii_hall,
          chequers_hall_statues_corner_a, chequers_hall_statues_corner_a,
          serial_shops, shop
D:10:     layout_stronghold, old_standard_altar, grunt_lair_entry_orc_guard_hut,
          nicolae_trove_entry_isolated, minmay_mirror_moons_of_madness
D:11:     layout_stronghold, nicolae_where_there's_smoke
D:12:     layout_gridville, orc_0_dummy, uniq_maurice
D:13:     minmay_the_grid_triangle_9x9_rhombus_thin_mashed
          [minmay_the_grid_triangle_9x9_cache,
          minmay_the_grid_triangle_9x9_prize_special,
          minmay_the_grid_triangle_9x9_sparse_checkered,
          minmay_the_grid_triangle_9x9_fully_insulated_deathbox], layout_rooms,
          erik_vaults_1, lightli_corner_chamber
D:14:     layout_gridville, bh_walls_and_bars, fedhas_altar_2
D:15:     gammafunk_depths_entry_grave, layout_loops_corners,
          minmay_misc_feat_diagonals, nicolae_shop_overcharged_wands,
          uniq_nessos
Temple:   hellmonk_temple_divided_pantheon
Lair:1:   layout_hall_layers, serial_rivers, chequers_serial_rivers_micro_b,
          chequers_serial_rivers_small_b, chequers_serial_rivers_room_b,
          chequers_serial_rivers_micro_b, chequers_serial_rivers_room_a,
          beast_lair_carwin_8, grunt_megastairs_3
Lair:2:   layout_gridlike, spider_nest_entry_webs, uniq_maggie
Lair:3:   layout_cave_pods, minmay_shoals_entry_beasts, gauntlet_entry_generic
Lair:4:   layout_regular_city, slime_entry_1, lemuel_fruit_fields
Lair:5:   grunt_lair_end_beastmaster, layout_big_grid,
          hangedman_lair_generics_rect
Shoals:1: layout_shoals
Shoals:2: layout_shoals
Shoals:3: layout_shoals, nzn_prometheus_bound
Shoals:4: shoals_end_hellmonk_storm_palace [storm_palace_center_circular,
          storm_palace_corner_grid, storm_palace_corner_grid,
          storm_palace_corner_pillars, storm_palace_corner_grid]
Spider:1: layout_spider_delve
Spider:2: layout_spider_delve, nicolae_spider_claw_tunnel
Spider:3: layout_cave_pods, nicolae_spider_cling_halls, uniq_arachne
Spider:4: grunt_spider_rune_circles, nicolae_spider_stair_cavern
Orc:1:    layout_caves, portal_ice_cave_entry_pillars_2, serial_shops,
          shop_coins, basic_altar, abandoned_shop, uniq_fannar
Orc:2:    pubby_orc_utopia
Elf:1:    nicolae_elf_arrival_fired_up, layout_gridlike, minmay_elf_demonology
Elf:2:    nicolae_elf_blades_splatter_lattice [grunt_blade_entry_basic],
          layout_onion_city, minivault_4, uniq_roxanne, uniq_norris,
          uniq_jorgrun
Elf:3:    minmay_elf_hall_x, layout_gridlike, uniq_louise
Vaults:1: nicolae_vaults_taking_the_gang_shopping, v_misc_19, v_misc_9,
          nicolae_vaults_surprise_closet, ontoclasm_vaults_loading_screen,
          nicolae_vaults_three_branches, v_alt_pattern_4,
          nicolae_vaults_tetromino_Z_1, v_misc_26, v_misc_26,
          layout_vaults_omnigrid, uniq_donald
Vaults:2: nicolae_vaults_off_center_swirl, v_pattern_1,
          vaults_standard_mumra_enter_the_diamond,
          nicolae_vaults_disjoint_gnomons, nicolae_vaults_tetromino_T_1,
          minmay_crypt_entry_simple_round, vaults_dpeg_encased_lava, v_misc_30,
          nicolae_vaults_closet_pinwheel_4, nicolae_vaults_little_squares_6,
          v_misc_3, ontoclasm_vaults_decontamination,
          nicolae_vaults_tetromino_T_2, nicolae_vaults_tetromino_T_1,
          layout_vaults_chaotic_city
Vaults:3: nicolae_vaults_diagonal_hallway_7, hangedman_vaults_nails,
          hangedman_vaults_hat, nicolae_vaults_stairing_the_circle,
          nicolae_vaults_c_with_doors, nicolae_vaults_closet_pinwheel_6,
          nicolae_vaults_house_1, nicolae_vaults_house_2,
          nicolae_vaults_little_ls, nicolae_vaults_shrinking_rooms_1,
          nicolae_vaults_rhombus_6, v_alt_pattern_2,
          nicolae_vaults_double_plus_1, layout_vaults_maze_snakey
Vaults:4: vaults_room_ringed_pool, v_misc_22, nicolae_vaults_network_star,
          vaults_room_octagon, ontoclasm_vaults_fault, st_spiral_rooms,
          nicolae_vaults_border_crossing, ontoclasm_vaults_spin,
          nicolae_vaults_wrenched, v_misc_12, nicolae_vaults_asterisk,
          nicolae_vaults_tetromino_L_1, layout_vaults_ring, uniq_jory,
          uniq_frederick
Vaults:5: serial_shops, uniq_bai_suzhen, uniq_margery
Depths:1: evilmike_pillar_path, layout_gridlike, hell_entry, serial_sigils,
          serial_sigils_hangedman_stare, serial_sigils_hangedman_scar,
          serial_sigils_hangedman_shear, serial_sigils_hangedman_snap,
          serial_sigils_hangedman_confine, good_gods_mini_temple,
          nicolae_lava_and_water, grunt_ministairs_2, serial_bayou_pond_c
Depths:2: minmay_expanding_circles, layout_long_grid, rand_demon_pan_entry_4,
          mu_enter_wizlab_1, minmay_misc_feat_roman, hell_entry,
          minmay_curled_crystal, uniq_saint_roka, uniq_enchantress
Depths:3: nzn_winding_woodlands_stair_trap
          [nzn_winding_woodlands_5x15_river_crossing,
          nzn_winding_woodlands_5x15_default,
          nzn_winding_woodlands_5x15_pockets,
          nzn_winding_woodlands_15x15_thick_spiral,
          nzn_winding_woodlands_5x15_default, nzn_winding_woodlands_5x15_cabin,
          nzn_winding_woodlands_5x15_split_checker], layout_gridville,
          enter_ziggurat_f, pf_vacation_house_of_asmodeus,
          abyss_entry_flame_altar, rand_demon_pan_entry_3, minmay_misc_feat_x,
          serial_bayou_shore_a
Depths:4: evilmike_zot_entry_gauntlet, layout_cave_shapes,
          kiku_gazebo_garden_becter, hell_entry, minmay_room_of_horrors,
          uniq_mennas
Zot:1:    layout_gridlike, hangedman_zot_decor_slant
Zot:2:    nicolae_moth_party, layout_cellular_growth
Zot:3:    layout_basic
Zot:4:    layout_onion_interference
Zot:5:    layout_gridlike, grunt_ministairs_12

Skill      XL: |  1  2  3  4  5  6  7  8  9 10 11 12 13 14 15 16 17 18 19 20 21 22 23 24 25 26 27 |
---------------+----------------------------------------------------------------------------------+-----
Unarmed Combat | 4 5 |  5.2
Stealth        | 1 2 |  2.0
Maces & Flails | 3 4 7 10 12 13 14 15 16 | 16.0
Fighting       | 5 7 9 11 12 14 15 16 17 18 19 20 | 20.0
Armour         | 2 3 4 5 6 7 8 9 11 12 13 15 18 20 | 20.0
Throwing       | 1 3 5 6 7 9 10 11 12 13 14 15 16 | 16.0
Dodging        | 2 3 5 6 7 8 10 11 12 14 | 14.5
Shields        | 3 5 6 7 8 9 11 12 13 14 15 | 15.0
Evocations     | 1 3 5 7 9 10 11 12 14 | 14.5
Invocations    | 1 5 7 10 13 15 18 20 | 20.1

Action                     |  1- 3 |  4- 6 |  7- 9 | 10-12 | 13-15 | 16-18 | 19-21 | 22-24 | 25-27 || total
---------------------------+-------+-------+-------+-------+-------+-------+-------+-------+-------++-------
  Melee: Unarmed           |    62 |    38 |       |       |       |       |       |       |       ||   100
         Punch             |     2 |     2 |     6 |     9 |       |       |       |       |       ||    19
         Whip              |       |    78 |   209 |   609 |  1317 |   434 |       |       |       ||  2647
         Demon whip        |       |       |       |       |    16 |    40 |       |       |       ||    56
         Morningstar       |       |       |       |       |       |   703 |  1107 |   785 |   630 ||  3225
         Eveningstar       |       |       |       |       |       |       |       |       |   342 ||   342
  Throw: Stone             |     6 |     6 |    19 |    29 |    38 |     3 |       |       |       ||   101
         Dart              |       |       |     3 |     2 |       |       |     1 |       |       ||     6
         Boomerang         |       |       |       |       |       |   335 |   272 |    48 |   214 ||   869
         Javelin           |       |       |       |       |       |       |    10 |     7 |    30 ||    47
 Invoke: Trog's Hand       |       |       |       |     2 |     4 |     3 |     6 |     5 |     5 ||    25
         Brothers in Arms  |       |       |       |     2 |     3 |       |     1 |     1 |     9 ||    16
  Evoke: Lightning rod     |       |       |       |     6 |     9 |    14 |    13 |    15 |     7 ||    64
         Phantom mirror    |       |       |       |       |     2 |       |     1 |     2 |     3 ||     8
         Wand              |       |       |       |       |     4 |    15 |    10 |     5 |    16 ||    50
         Condenser vane    |       |       |       |       |     1 |     3 |     4 |     4 |     3 ||    15
         Phial of floods   |       |       |       |       |       |       |     4 |     2 |       ||     6
         Sack of spiders   |       |       |       |       |       |       |     2 |     1 |     2 ||     5
    Use: Scroll            |       |       |     1 |    16 |    15 |    12 |    18 |    12 |    17 ||    91
         Potion            |       |       |       |       |     3 |       |     3 |     7 |     9 ||    22
   Stab: Petrified         |       |       |       |       |     5 |       |       |       |       ||     5
         Invisible         |       |       |       |       |     4 |       |     3 |       |       ||     7
         Petrifying        |       |       |       |       |     4 |       |       |       |       ||     4
         Distracted        |       |       |       |       |       |       |       |       |     5 ||     5
 Armour: Animal skin       |    21 |     6 |       |       |       |       |       |       |       ||    27
         Ring mail         |       |    43 |    16 |       |       |       |       |       |       ||    59
         Chain mail        |       |       |    41 |       |   333 |   685 |   272 |       |       ||  1331
         Plate armour      |       |       |    36 |   185 |    54 |       |   291 |   532 |   998 ||  2096
         Storm dragon scal |       |       |       |       |       |       |   338 |       |       ||   338
  Dodge: Dodged            |    17 |    40 |    64 |   153 |   348 |   539 |   606 |   259 |   500 ||  2526
  Block: Other             |     5 |    18 |    27 |    30 |       |       |       |       |       ||    80
         Reflection        |       |       |     1 |     8 |     9 |    43 |    13 |    24 |    20 ||   118
         Kite shield       |       |       |       |   152 |   536 |   884 |   726 |   614 |   956 ||  3868
         Buckler           |       |       |       |       |       |       |   125 |       |       ||   125

Table legend: (Time is in decaauts)
 A = Elapsed time spent in this place.
 B = Non-inter-level travel time spent in this place.
 C = Inter-level travel time spent in this place.
 D = Time resting spent in this place.
 E = Time spent auto-exploring this place.
 F = Levels seen in this place.
 G = Mean time per level.
                   A        B        C        D        E       F      G
               +--------+--------+--------+--------+--------+-----+--------+
         Total |  67484 |  57986 |   9498 |   4213 |  36823 |  53 | 1273.3 |
       Dungeon |  20954 |  16137 |   4817 |    645 |  11993 |  15 | 1396.9 |
        Temple |     28 |     22 |      6 |      0 |      0 |   1 |   28.0 |
          Lair |   5694 |   5048 |    646 |    226 |   3338 |   5 | 1138.8 |
        Shoals |   5879 |   5409 |    470 |    192 |   3768 |   4 | 1469.8 |
   Spider Nest |   4943 |   4522 |    421 |    245 |   3080 |   4 | 1235.8 |
  Orcish Mines |   3841 |   2908 |    933 |    278 |   1491 |   2 | 1920.5 |
   Elven Halls |   5423 |   4872 |    551 |    750 |   2790 |   3 | 1807.7 |
        Vaults |   8252 |   7313 |    939 |    228 |   4792 |   5 | 1650.4 |
        Depths |   6580 |   5997 |    583 |    287 |   4096 |   4 | 1645.0 |
           Zot |   3645 |   3517 |    128 |    881 |   1090 |   5 |  729.0 |
         Abyss |    308 |    308 |      0 |      0 |      0 |   1 |  308.0 |
         Trove |     79 |     79 |      0 |      0 |      0 |   1 |   79.0 |
      Ice Cave |    897 |    897 |      0 |    479 |     78 |   1 |  897.0 |
        Wizlab |    479 |    479 |      0 |      0 |     39 |   1 |  479.0 |
      Gauntlet |    477 |    477 |      0 |      0 |    266 |   1 |  477.0 |
               +--------+--------+--------+--------+--------+-----+--------+

Top non-repeatable levels by time:
   Orc:2: 3082 daAuts
    D:11: 2863 daAuts
Shoals:4: 2238 daAuts
   Elf:2: 2227 daAuts
    D:10: 2058 daAuts
Depths:3: 2006 daAuts
Vaults:2: 2000 daAuts
Depths:1: 1894 daAuts
   Elf:3: 1844 daAuts
Vaults:1: 1759 daAuts
Vaults:4: 1734 daAuts
Depths:2: 1730 daAuts
   Zot:5: 1728 daAuts
  Lair:5: 1707 daAuts
    D:13: 1696 daAuts
